 Dungeon Crawl Stone Soup version 0.19.4-8-ga85b6b9 (webtiles) character file.

4367 Ponchio the Nimble (level 10, -7/64 HPs)
             Began as a Gargoyle Fighter on Feb 13, 2017.
             Was a Follower of Qazlal.
             Mangled by a komodo dragon (25 damage)
             ... on level 8 of the Dungeon.
             The game lasted 00:42:20 (9541 turns).

Ponchio the Nimble (Gargoyle Fighter)               Turns: 9541, Time: 00:42:20

Health: -7/64      AC: 12    Str: 19    XL:     10   Next: 34%
Magic:  11/11      EV: 19    Int: 10    God:    Qazlal [*.....]
Gold:   378        SH: 11    Dex: 12    Spells: 0 memorised, 11 levels left

rFire  . . .     SeeInvis +     a - +1 flail
rCold  . . .     Gourm    .     F - +0 leather armour (curse)
rNeg   + . .     Faith    .     c - +0 shield
rPois  ∞         Spirit   .     (helmet restricted)
rElec  +         Reflect  .     y - +0 cloak
rCorr  .         Harm     .     (no gloves)
MR     .....                    r - +0 pair of boots
Stlth  +.........               (no amulet)
                                H - +3 ring of evasion
                                q - ring of see invisible

@: invisible
A: antennae 1, hooves 1, repulsion field 1, negative energy resistance 1,
electricity resistance, wild magic 1, unbreathing, evolution 1, petrification
resistance, rot immunity, AC +7
a: Renounce Religion


You were on level 8 of the Dungeon.
You worshipped Qazlal.
Qazlal was aware of your devotion.
You were not hungry.

You visited 2 branches of the dungeon, and saw 9 of its levels.

You collected 378 gold pieces.

Inventory:

Hand Weapons
 a - a +1 flail (weapon)
 A - a +2 whip of freezing
Armour
 b - a +0 scale mail
 c - a +0 shield (worn)
 e - a +0 helmet
 r - a +0 pair of boots (worn)
 y - a +0 cloak (worn)
 F - a cursed +0 leather armour (worn)
Jewellery
 l - an uncursed ring of fire
 q - a ring of see invisible (left hand)
 t - an uncursed ring of stealth
 D - an uncursed ring of wizardry
 E - a +3 ring of dexterity
 H - a +3 ring of evasion (right hand)
 I - an uncursed ring of stealth
Wands
 i - a wand of flame (25/48)
 j - a wand of lightning (10/15)
 z - a wand of enslavement (11/24)
 J - a wand of flame (31/48)
Scrolls
 h - 5 scrolls of teleportation
 m - 2 scrolls of amnesia
 o - 4 scrolls of remove curse
 w - 3 scrolls of enchant weapon
 G - 3 scrolls of fear
 L - a scroll of blinking
 N - a scroll of noise {unknown}
Potions
 d - a potion of flight
 g - 4 potions of magic
 p - a potion of brilliance
 s - a potion of lignification
 v - a potion of cancellation {unknown}
 x - a potion of haste {unknown}
 B - a potion of invisibility
 C - a potion of cure mutation {unknown}
 K - a potion of degeneration {unknown}
Books
 u - a book of Minor Magic

   Spells                             Type                      Level
   a - Magic Dart                     Conjuration                  1
   b - Blink                          Translocation                2
   c - Call Imp                       Summoning                    2
   d - Repel Missiles                 Charms/Air                   2
   e - Slow                           Hexes                        2
   f - Conjure Flame                  Conjuration/Fire             3
   g - Mephitic Cloud                 Conjuration/Poison/Air       3
Comestibles
 f - 3 bread rations
 k - 27 fruits
 n - 5 meat rations


   Skills:
 - Level 7.8 Fighting
 - Level 7.8 Maces & Flails
 - Level 3.4 Armour
 * Level 8.4 Dodging
 + Level 5.2 Shields
 - Level 1.0 Spellcasting


You had 11 spell levels left.
You didn't know any spells.

Dungeon Overview and Level Annotations

Branches:
Dungeon (8/15)             Temple (1/1) D:7            Lair (0/6) D:8

Altars:
Cheibriados
Dithmenos
Elyvilon
Fedhas
Gozag
Hepliaklqana
Kikubaaqudgha
Makhleb
Nemelex Xobeh
Okawaru
Qazlal
Ru
Sif Muna
Trog
Uskayaw
Vehumet
Xom
Yredelemnul
Zin
The Shining One
Lugonu


Innate Abilities, Weirdness & Mutations

You are resistant to torment.
Your stone body is resilient. (AC +7)
You are immune to poison.
You resist negative energy. (rN+)
You are resistant to electric shocks. (rElec)
You can survive without breathing.
You are immune to petrification.
You are immune to rotting.
You have a pair of small antennae on your head.
You have large cloven feet.
You are surrounded by a mild repulsion field. (EV +2)
Your spells are a little harder to cast, but a little more powerful.
You evolve.


Message History

You kill the hound!
Qazlal accepts your kill.
You barely miss the komodo dragon. You block the komodo dragon's attack.
You hit the komodo dragon.
The komodo dragon is lightly wounded.
You block the komodo dragon's attack.
You hit the komodo dragon but do no damage.
The komodo dragon is lightly wounded.
The komodo dragon bites you!
You closely miss the komodo dragon.
The komodo dragon is lightly wounded.
The komodo dragon bites you!
You hit the komodo dragon.
The komodo dragon is lightly wounded.
The komodo dragon bites you!!
* * * LOW HITPOINT WARNING * * *
You are too injured to fight recklessly!
You fade into invisibility!
The komodo dragon bites you!!
You die...

##.#.# #.# #.##.##..####.##
#....# #.# #.##............
#.#..# #.# #.#...........##
#....# #.#####.............#
####.# #...................## #
#.#######.####...............#
####.........###.#..............#
#...##.#.######.##..#....>......#
.....#.#.# #...@l..#...........#
.........# #.#.##...............
.....#)### #.##.####.........#.#
....##.# #.###.###...........#
##.###.# #.# ##..)..........##
#...##.# #.# ####..........#
..#....# #.# #####..####.##
#...#### #.# #............. ##.##
#.# #.#####.###.#.


You could see a komodo dragon.

Vanquished Creatures
  Pikel (D:7)
  The ghost of Yarinad the Chopper, a novice HOFi (D:5)
  The ghost of Aramant the Ruffian, an amateur TrBe of Trog (D:4)
  A hippogriff (D:7)
  A steam dragon (D:8)
  A porcupine (D:8)
  Duvessa (D:5)
  An orc warrior (D:6)
  2 sky beasts
  2 phantoms
  3 ogres
  A necrophage (D:8)
  A black bear (D:6)
  2 centaurs (D:7)
  3 big kobolds
  A bullfrog (D:6)
  Dowan (D:5)
  A wyvern skeleton (D:6)
  6 howler monkeys
  3 crimson imps
  7 hounds
  A centaur skeleton (D:3)
  A gnoll shaman (D:4)
  5 orc priests
  4 orc wizards
  A bullfrog zombie (D:8)
  Jessica (D:2)
  2 iguanas
  Natasha (thrice) (D:2)
  3 worker ants
  2 hell rats (D:8)
  A killer bee zombie (D:8)
  Robin (D:3)
  5 gnolls (D:4)
  9 adders
  2 shadow imps
  An ooze (D:2)
  An adder skeleton (D:5)
  A worm (D:3)
  2 dart slugs
  2 leopard geckos
  15 orcs
  3 ball pythons
  4 giant cockroaches
  17 goblins
  7 hobgoblins
  9 jackals
  11 kobolds
  8 quokkas
  8 bats
  4 frilled lizards
  2 jackal zombies
  10 rats
  4 fungi (D:6)
191 creatures vanquished.

Vanquished Creatures (others)
  A quokka (D:7)
1 creature vanquished.

Grand Total: 192 creatures vanquished

Notes
Turn   | Place    | Note
-------+----------+-------------------------------------------
     0 | D:1      | Ponchio the Gargoyle Fighter began the quest for the Orb.
     0 | D:1      | Reached XP level 1. HP: 14/14 MP: 1/1
    76 | D:1      | Reached XP level 2. HP: 17/19 MP: 2/2
   499 | D:1      | Reached XP level 3. HP: 23/24 MP: 3/3
   735 | D:2      | Noticed Natasha
   751 | D:2      | Killed Natasha
  1008 | D:2      | Reached XP level 4. HP: 30/30 MP: 4/4
  1047 | D:2      | Noticed Jessica
  1057 | D:2      | Killed Jessica
  1069 | D:2      | Noticed Natasha
  1085 | D:2      | Killed Natasha
  1177 | D:2      | Noticed Natasha
  1200 | D:2      | Killed Natasha
  1200 | D:2      | Reached skill level 5 in Fighting
  1200 | D:2      | Reached XP level 5. HP: 18/35 MP: 5/5
  1494 | D:2      | Found a shadowy altar of Dithmenos.
  1639 | D:2      | Found a white marble altar of Elyvilon.
  1641 | D:2      | Found a glowing silver altar of Zin.
  1970 | D:3      | Reached XP level 6. HP: 6/40 MP: 5/7
  2239 | D:3      | Gained mutation: You tend to lose your temper in combat. [potion of mutation]
  2239 | D:3      | Gained mutation: You have a pair of small antennae on your head. [potion of mutation]
  2239 | D:3      | Gained mutation: You are surrounded by a mild repulsion field. (EV +2) [potion of mutation]
  2386 | D:3      | Found a sparkling altar of Nemelex Xobeh.
  2434 | D:3      | Reached skill level 1 in Spellcasting
  2509 | D:3      | Found a radiant altar of Vehumet.
  2888 | D:3      | Noticed Robin
  2923 | D:3      | Killed Robin
  3230 | D:3      | Learned a level 1 spell: Magic Dart
  3625 | D:4      | Found an iron altar of Okawaru.
  3740 | D:4      | Noticed Aramant's ghost (amateur TrBe)
  3751 | D:4      | Killed Aramant's ghost
  3751 | D:4      | Reached skill level 5 in Maces & Flails
  3751 | D:4      | Reached XP level 7. HP: 28/46 MP: 8/8
  4461 | D:4      | Found a glowing golden altar of the Shining One.
  4768 | D:5      | Entered Level 5 of the Dungeon
  4809 | D:5      | Noticed Dowan
  4822 | D:5      | Noticed Duvessa
  4833 | D:5      | Killed Duvessa
  4833 | D:5      | Reached XP level 8. HP: 52/52 MP: 9/9
  4842 | D:5      | Killed Dowan
  4953 | D:5      | Reached skill level 1 in Dodging
  5113 | D:5      | Noticed Yarinad's ghost (novice HOFi)
  5128 | D:5      | Reached skill level 2 in Dodging
  5153 | D:5      | HP: 1/53 [Yarinad's ghost (11)]
  5158 | D:5      | Killed Yarinad's ghost
  5158 | D:5      | Reached skill level 3 in Dodging
  5448 | D:5      | Gained mutation: Your spells are a little harder to cast, but a little more powerful. [mutagenic meat]
  5449 | D:5      | Gained mutation: You evolve. [mutagenic meat]
  5450 | D:5      | Gained mutation: Your spells are harder to cast, but more powerful. [mutagenic meat]
  5451 | D:5      | Lost mutation: Your spells are harder to cast, but more powerful. [mutagenic meat]
  5452 | D:5      | Gained mutation: You have large cloven feet. [mutagenic meat]
  5505 | D:5      | Reached XP level 9. HP: 59/59 MP: 10/10
  5933 | D:6      | Reached skill level 4 in Dodging
  6468 | D:6      | Reached skill level 5 in Dodging
  7387 | D:7      | Reached skill level 6 in Dodging
  7451 | D:7      | Found a staircase to the Ecumenical Temple.
  7459 | Temple   | Entered the Ecumenical Temple
  7472 | Temple   | Became a worshipper of Qazlal Stormbringer
  7583 | D:7      | Found a hide-covered altar of Uskayaw.
  7586 | D:7      | Noticed a dagger
  7588 | D:7      | Noticed a hand axe
  7638 | D:7      | Reached skill level 7 in Dodging
  8096 | D:7      | Noticed Pikel
  8106 | D:7      | Killed Pikel
  8106 | D:7      | Reached XP level 10. HP: 64/64 MP: 11/11
  8160 | D:7      | Found a shimmering altar of Xom.
  8161 | D:7      | Found a burning altar of Makhleb.
  8364 | D:7      | Found a hazy altar of Hepliaklqana.
  8559 | D:8      | Reached skill level 8 in Dodging
  8947 | D:8      | Found a staircase to the Lair.
  8982 | D:8      | Reached skill level 5 in Shields
  9165 | D:8      | Reached * piety under Qazlal
  9287 | D:8      | Found a faded altar of an unknown god.
  9287 | D:8      | Found a bloodstained altar of Trog.
  9294 | D:8      | Lost mutation: You tend to lose your temper in combat. [evolution]
  9371 | D:8      | Found a faded altar of an unknown god.
  9373 | D:8      | Found a faded altar of an unknown god.
  9375 | D:8      | Found a faded altar of an unknown god.
  9541 | D:8      | Mangled by a komodo dragon

Skill      XL: |  1  2  3  4  5  6  7  8  9 10 |
---------------+-------------------------------+-----
Fighting       | 4 5 6 7 |  7.8
Maces & Flails | 3 4 5 6 7 |  7.8
Spellcasting   | 1 |  1.0
Dodging        | 3 7 8 |  8.4
Shields        | 4 5 |  5.2
Armour         | |  3.4

Action                   |  1- 3 |  4- 6 |  7- 9 | 10-12 || total
-------------------------+-------+-------+-------+-------++-------
Melee: Flail             |   132 |   235 |   491 |   134 ||   992
  Use: Scroll            |       |    10 |     6 |     2 ||    18
       Potion            |       |     2 |     4 |     1 ||     7
  Eat: Chunk             |       |     9 |    19 |     3 ||    31
       Beef jerky        |       |       |     1 |       ||     1
       Pizza             |       |       |       |     1 ||     1
Armor: Scale mail        |    91 |   155 |   148 |       ||   394
       Skin              |       |       |     2 |    11 ||    13
       Leather armour    |       |       |       |     6 ||     6
Dodge: Dodged            |    53 |   124 |   161 |    73 ||   411
Block: Shield            |    98 |   158 |   174 |    53 ||   483
